 Dungeon Crawl Stone Soup version 0.29.0-11-gd7f09526c8 (webtiles) character file.

Game seed: 14900209904836030176

135 Flugkiller the Chopper (level 4, -6/41 HPs)
             Began as a Minotaur Fighter on Sept 6, 2022.
             Killed from afar by an orc wizard (7 damage)
             ... with a puff of flame
             ... on level 4 of the Dungeon.
             The game lasted 00:01:05 (2147 turns).

Flugkiller the Chopper (Minotaur Fighter)           Turns: 2147, Time: 00:01:06

Health: -6/41      AC:  9    Str: 21    XL:     4   Next: 97%
Magic:  3/3        EV:  9    Int:  5    God:
Gold:   124        SH:  4    Dex: 11    Spells: 3/3 levels left

rFire   . . .      SeeInvis .   a - +0 war axe
rCold   . . .      Faith    .   c - +0 buckler
rNeg    . . .      Spirit   .   b - +0 scale mail
rPois   .          Reflect  .   (helmet restricted)
rElec   .          Harm     .   (no cloak)
rCorr   .          Rampage  .   s - +1 pair of gloves
Will    .....                   (no boots)
Stlth   ..........              j - amulet of regeneration
HPRegen 0.93/turn               (no ring)
MPRegen 0.08/turn               (no ring)

@: no status effects
A: horns 2, retaliatory headbutt
a: no special abilities


You were on level 4 of the Dungeon.
You visited 1 branch of the dungeon, and saw 4 of its levels.

You collected 124 gold pieces.

Inventory:

Hand Weapons
 a - a +0 war axe (weapon)
 g - a +1 dagger of distortion
   (You took it off a kobold on level 1 of the Dungeon)
Armour
 b - a +0 scale mail (worn)
 c - a +0 buckler (worn)
 s - a +1 pair of gloves (worn)
   (You found it on level 4 of the Dungeon)
Jewellery
 f - a ring of magical power
   (You found it on level 1 of the Dungeon)
 j - an amulet of regeneration (around neck)
   (You found it on level 1 of the Dungeon)
 q - a ring of ice
   (You found it on level 3 of the Dungeon)
Wands
 r - a wand of mindburst (8)
   (You took it off Ijyb on level 3 of the Dungeon)
Scrolls
 h - a scroll of teleportation {unknown}
 i - a scroll of enchant armour {unknown}
 k - 3 scrolls of silence {unknown}
 l - 2 scrolls of poison {unknown}
 n - a scroll of magic mapping {unknown}
 o - a scroll of fear {unknown}
 p - 2 scrolls of identify {unknown}
Potions
 d - 3 potions of might
 e - a potion of brilliance {unknown}
 m - a potion of mutation {unknown}


   Skills:
 + Level 4.6 Fighting
 * Level 4.7 Axes
 + Level 4.5 Armour
 - Level 3.6 Shields
 + Level 0.0 Evocations


You had 3 spell levels left.
You didn't know any spells.
Your spell library was empty.

Dungeon Overview and Level Annotations

Branches:
Dungeon (4/15)
 Temple: D:4-7

Altars:
Makhleb
Qazlal

Shops:
D:2 (


Innate Abilities, Weirdness & Mutations

You have a pair of horns on your head.
You reflexively headbutt those who attack you in melee.


Message History

No target in view!
No target in view!
You see here a +1 pair of gloves.
s - a +1 pair of gloves You start putting on your armour.
You continue putting on your +1 pair of gloves. x4
You finish putting on your +1 pair of gloves.
You now have 124 gold pieces (gained 9).
An endoplasm comes into view.
The endoplasm quivers.
The endoplasm moves out of view.
An endoplasm is nearby!
An endoplasm is nearby!
An endoplasm is nearby!
No target in view!
No target in view!
No target in view!
No target in view!
No target in view!
No target in view!
No target in view!
An endoplasm is nearby!
You completely miss the endoplasm. The endoplasm freezes you.
You are frozen.
You hit the endoplasm.
The endoplasm is heavily wounded.
The endoplasm hits you.
You barely miss the endoplasm. You headbutt the endoplasm.
You kill the endoplasm!
No target in view!
No target in view!
No target in view!
HP restored.
An orc comes into view. It is wielding a +0 dagger.
The orc shouts!
You hear a shout! x2
An orc is nearby!
An orc is nearby!
An orc wizard comes into view. It is wielding a +0 dagger.
You block the orc's attack.
An orc comes into view. It is wielding a +0 club.
An orc comes into view. It is wielding a +0 trident.
You slash the orc!
You kill the orc!
The orc wizard hits you but does no damage.
Things that are here:
a +0 dagger; a +0 ring mail; an orc corpse You closely miss the orc wizard.
Your headbutt misses the orc wizard.
The orc hits you from afar with a +0 trident.
The orc wizard points at you and mumbles some strange words.
You resist with some effort.
You barely miss the orc wizard.
The orc hits you from afar with a +0 trident.
The orc wizard hits you but does no damage.
The orc wizard hits you with a +0 dagger.
The orc hits you from afar with a +0 trident.
You barely miss the orc wizard. Your headbutt misses the orc wizard.
The orc hits you from afar with a +0 trident.
The orc wizard hits you but does no damage.
You hit the orc wizard but do no damage.
The orc closely misses you. You block the orc wizard's attack.
You hit the orc wizard.
The orc wizard is moderately wounded.
You barely miss the orc.
The orc hits you from afar with a +0 trident.
The orc wizard points at you and mumbles some strange words.
The magic dart hits you. The orc misses you.
The orc hits you but does no damage.
The orc wizard hits you but does no damage.
You block the orc's attack.
There are monsters nearby!
There are monsters nearby!
You barely miss the orc wizard. You headbutt the orc wizard.
The orc wizard is heavily wounded.
You barely miss the orc.
The orc hits you from afar with a +0 trident.
You block the orc wizard's attack. The orc hits you but does no damage.
You closely miss the orc wizard.
The orc wizard is heavily wounded.
You barely miss the orc. The orc closely misses you.
The orc wizard hits you but does no damage.
The orc misses you.
You closely miss the orc wizard.
The orc wizard is heavily wounded.
You closely miss the orc.
The orc hits you from afar with a +0 trident!
* * * LOW HITPOINT WARNING * * *
The orc wizard hits you but does no damage.
The orc hits you with a +0 club.
* * * LOW HITPOINT WARNING * * *
You hit the orc wizard but do no damage.
The orc wizard is heavily wounded.
You slash the orc!
You kill the orc!
The orc hits you from afar with a +0 trident!
* * * LOW HITPOINT WARNING * * *
The orc wizard barely misses you. You block the orc's attack.
The orc wizard points at you and mumbles some strange words.
The puff of flame hits you!
You die...

#.## #..#
#..### #....#
#....# ♣....#
♣..#..####..
♣..♣#.......#
...♣
#@##..###
.... #)o# .##
....♣ #.#o #
...♣ .. .#
#.. ## ...
.##. ## ##


You could see an orc wizard and an orc.

Vanquished Creatures
  A hound (D:2)
  Ijyb (D:3)
  2 adders
  A worm (D:3)
  A dart slug (D:1)
  4 orcs
  7 ball pythons
  8 bats
  5 endoplasms
  4 giant cockroaches
  4 goblins
  3 hobgoblins
  3 kobolds
  4 quokkas (D:1)
  5 frilled lizards
  2 rats
55 creatures vanquished.

Notes
Turn   | Place    | Note
-------+----------+-------------------------------------------
     0 | D:1      | Flugkiller the Minotaur Fighter began the quest for the
                  | Orb.
     0 | D:1      | Reached XP level 1. HP: 19/19 MP: 0/0
   147 | D:1      | Reached XP level 2. HP: 27/27 MP: 1/1
   770 | D:1      | Reached XP level 3. HP: 33/33 MP: 2/2
   970 | D:2      | Found Weozyrr's Weapon Boutique.
  1178 | D:2      | Reached XP level 4. HP: 41/41 MP: 3/3
  1198 | D:2      | Found a faded altar of an unknown god.
  1703 | D:3      | Noticed Ijyb
  1716 | D:3      | Killed Ijyb
  1810 | D:3      | Found a stormy altar of Qazlal.
  1982 | D:3      | Found a burning altar of Makhleb.
  1982 | D:3      | Noticed a green death
  1985 | D:3      | Noticed a smoke demon
  1985 | D:3      | Noticed a hellwing
  2147 | D:4      | HP: 1/41 [orc/+0 trident (7)]
  2147 | D:4      | Killed from afar by an orc wizard

Illustrated notes

Levels and vault maps discovered:
D:1:      minmay_arrival_shattered_statue, layout_loops_ring, minmay_surrounded
D:2:      layout_loops_ring, hellmonk_ecumenical_altar_zigzags, serial_shops,
          nicolae_shop_bloodbath_and_beyond, st_stairs_13
D:3:      layout_rooms, grunt_qazlal_clouds, makhleb_altar_promises_db,
          uniq_ijyb
D:4:      layout_cave_pods, kennysheep_ying_yang, lemuel_crystal_altar,
          serial_glass, glass_columns_c, glass_columns_b, serial_shops,
          nicolae_shop_temple_entry_statues_fountains, grunt_ministairs_10,
          nicolae_elevator_lobby_plus

Skill      XL: |  1  2  3 |
---------------+----------+-----
Axes           | 3 4 |  4.7
Fighting       | 4 |  4.6
Armour         | 4 |  4.5
Shields        | |  3.6

Action                   |  1- 3 |  4- 6 || total
-------------------------+-------+-------++-------
Melee: War axe           |    69 |    62 ||   131
       Headbutt          |     8 |     8 ||    16
Armor: Scale mail        |    31 |    24 ||    55
Dodge: Dodged            |    42 |    28 ||    70
Block: Buckler           |    22 |    14 ||    36
